 Dungeon Crawl Stone Soup version 0.22.1-1-ga44c0e56f4 (webtiles) character file.

14 RoboWizard the Ruffian (level 2, -1/23 HPs)
             Began as a Draconian Transmuter on Nov 1, 2018.
             Slain by an adder (2 damage)
             ... on level 2 of the Dungeon.
             The game lasted 00:14:03 (1169 turns).

RoboWizard the Ruffian (Draconian Transmuter)       Turns: 1169, Time: 00:14:03

Health: -1/23      AC:  5    Str: 12    XL:     2   Next: 27%
Magic:  5/5        EV: 12    Int: 13    God:
Gold:   54         SH:  0    Dex: 11    Spells: 4/5 levels left

rFire    . . .     SeeInvis .   d - +0 dagger
rCold    . . .     Gourm    .   (no shield)
rNeg     . . .     Faith    .   (armour unavailable)
rPois    .         Spirit   .   (helmet restricted)
rElec    .         Reflect  .   (no cloak)
rCorr    .         Harm     .   j - +0 pair of gloves
MR       .....                  (no boots)
Stlth    +.........             (no amulet)
HPRegen  0.07/turn              (no ring)
MPRegen  0.09/turn              (no ring)

@: lethally poisoned (-1 -> -4)
A: unfitting armour, cold-blooded, AC +4
a: no special abilities


You were on level 2 of the Dungeon.
You were not hungry.

You visited 1 branch of the dungeon, and saw 2 of its levels.

You collected 54 gold pieces.

Inventory:

Hand Weapons
 d - a +0 dagger (weapon)
 e - a cursed -3 whip
 f - a +0 dagger
 h - a +0 hunting sling
 n - a +0 short sword
 o - a +0 dagger
Missiles
 a - 12 arrows
 b - 23 poisoned needles
 g - 2 stones (quivered)
Armour
 j - a +0 pair of gloves (worn)
Scrolls
 k - a scroll of blinking {unknown}
 l - a scroll of fog {unknown}
 p - 2 scrolls of magic mapping {unknown}
Potions
 i - a potion of flight {unknown}
 m - a potion of degeneration {unknown}
Comestibles
 c - 2 rations


   Skills:
 + Level 1.1 Fighting
 + Level 2.2 Dodging
 + Level 3.3 Unarmed Combat
 + Level 2.0 Spellcasting
 + Level 2.1 Transmutations


You had 4 spell levels left.
You knew the following spells:

 Your Spells              Type           Power        Failure   Level  Hunger
a - Beastly Appendage     Tmut           #.....       11%         1    ##.....

Your spell library contained the following spells:

 Spells                   Type           Power        Failure   Level  Hunger
 Sticks to Snakes         Tmut           #.......     16%         2    ###....
 Spider Form              Tmut/Pois      #.........   45%         3    ####...
 Ice Form                 Ice/Tmut       #.......     86%         4    #####..
 Blade Hands              Tmut           #.........   96%         5    ######.


Dungeon Overview and Level Annotations

Branches:
Dungeon (2/15)

Altars:
Uskayaw


Innate Abilities, Weirdness & Mutations

Your plain brown scales are hard. (AC +4)
You cannot fit into any form of body armour.
You are cold-blooded and may be slowed by cold attacks.


Message History

* * * LOW HITPOINT WARNING * * *
A kobold comes into view.
The kobold shouts!
The goblin shouts!
You hear an angry hiss.
A bat comes into view.
An adder comes into view.
* * * LOW HITPOINT WARNING * * *
You feel sick.
Found a puce potion.
You open the door.
A rat comes into view.
The adder barely misses you. The goblin closely misses you.
* * * LOW HITPOINT WARNING * * *
You feel sick. The adder bites you but does no damage.
The goblin closely misses you. The adder bites you but does no damage.
Found a ration.
There is an open door here.
You barely miss the adder. The adder bites you but does no damage.
* * * LOW HITPOINT WARNING * * *
You feel sick. The adder bites you.
You die...

#############(#
####.##.#
#.....#.
#.#...#..##
#..........#
#..#######.#
#..# ###
#..#######
#..'..@..+
#..###S### #..#
#r# r
#..###'###....
#.gg..rgr.....
#######bSK....
.#....# .#....#
!# %..#


You could see an adder, a goblin, a bat and 2 rats.

Vanquished Creatures
  A dart slug (D:1)
  3 bats (D:1)
  2 goblins (D:1)
  A hobgoblin (D:1)
  A frilled lizard (D:2)
  2 kobolds (D:1)
  2 rats (D:1)
12 creatures vanquished.

Notes
Turn   | Place    | Note
-------+----------+-------------------------------------------
     0 | D:1      | RoboWizard the Draconian Transmuter began the quest for the
                  | Orb.
     0 | D:1      | Reached XP level 1. HP: 16/16 MP: 3/3
   425 | D:1      | Reached XP level 2. HP: 23/23 MP: 5/5
  1144 | D:2      | Found a hide-covered altar of Uskayaw.
  1169 | D:2      | HP: 1/23 [poisoned by an adder]
  1169 | D:2      | Slain by an adder

Skill      XL: |  1 |
---------------+----+-----
Dodging        | 2 |  2.2
Fighting       | |  1.1
Unarmed Combat | |  3.3
Spellcasting   | |  2.0
Transmutations | |  2.1

Action                   || total
-------------------------++-------
Melee: Unarmed           ||    11
       Dagger            ||    35
       Tailslap          ||     2
       Punch             ||     1
  Use: Scroll            ||     1
  Eat: Ration            ||     1
Armor: Skin              ||    35
Dodge: Dodged            ||    56
